Map: [ESL] Cosmic Sapphire

Players

Elazer - Winner!

  • Race: Zerg Zerg
  • Spawn Location: 5:00

Cham

  • Race: Zerg Zerg
  • Spawn Location: 11:00

Event: DreamHack SC2 Masters 2022 Atlanta (Offline)

VOD

Have the link to the VOD?

Description

Time

  • Played on: Nov. 19, 2022, 10:55 a.m.
  • Length: 5:46

All games in this series

Show
View Real Time Build Order
Export as new Build Order

Elazer Zerg - Winner!

Build Orders: Hatch First 

Get SALT Encoding   

  12  0:00  Drone  
  13  0:12  Overlord  
  13  0:18  Drone  
  14  0:30  Drone x2  
  16  0:46  Hatchery  
  15  0:50  Drone  
  15  0:54  Drone  
  18  0:57  Drone  
  18  1:07  Extractor  
  17  1:12  Spawning Pool  
  17  1:15  Drone  
  17  1:18  Drone  
  18  1:27  Drone  
  19  1:38  Drone  
  20  1:49  Drone  
  21  1:58  Queen x2  
  21  1:59  Zergling x2  
  21  2:00  Overlord  
  26  2:08  Metabolic Boost  
  26  2:09  Drone  
  26  2:11  Drone  
  28  2:21  Drone x2  
  30  2:32  Hatchery  
  30  2:34  Drone  
  30  2:38  Drone  
  30  2:42  Baneling Nest  
  30  2:45  Drone  
  30  2:48  Overlord  
  31  2:53  Drone  
  31  2:55  Drone  
  33  3:04  Drone x2  
  35  3:05  Overlord  
  35  3:07  Drone  
  35  3:12  Zergling x4  
  38  3:15  Queen  
  38  3:18  Zergling x2  
  38  3:19  Zergling x2  
  42  3:23  Drone x2  
  44  3:27  Drone x2  
  46  3:37  Overlord  
  46  3:38  Drone x4  
  50  3:42  Drone x2  
  50  3:46  Drone x2  
  53  3:51  Drone  
  53  3:54  Roach Warren  
  53  3:55  Overlord  
  53  3:58  Zergling x2, Extractor  
  53  4:03  Overlord  
  54  4:10  Zergling x2  
  54  4:14  Overlord x2  
  54  4:16  Zergling x2  
  54  4:17  Zergling x2  
  55  4:33  Roach x10  
  75  4:41  Roach  
  77  4:46  Roach  
  77  4:47  Roach x2  
  77  4:49  Roach  
  77  4:51  Zergling x10  
  85  5:01  Zergling x10  
  85  5:05  Zergling x2  
  91  5:09  Baneling  
  91  5:10  Baneling x3  
  91  5:11  Zergling x2  
  91  5:13  Zergling x2  
  93  5:16  Zergling x2  
  94  5:21  Ravager  
  93  5:28  Zergling x10  
Show
View Real Time Build Order
Export as new Build Order

Cham Zerg 

Build Orders: Hatch First 

Get SALT Encoding   

  12  0:00  Drone  
  13  0:12  Overlord  
  13  0:16  Drone  
  14  0:30  Drone x2  
  16  0:48  Hatchery  
  15  0:51  Drone  
  15  0:54  Drone  
  17  0:58  Drone  
  18  1:12  Spawning Pool, Extractor  
  18  1:16  Drone  
  17  1:19  Drone  
  18  1:27  Drone  
  19  1:38  Drone  
  20  1:49  Drone  
  21  1:59  Queen x2  
  21  2:01  Drone, Overlord  
  26  2:11  Drone x2  
  26  2:13  Metabolic Boost  
  29  2:22  Zergling x2  
  29  2:23  Drone  
  30  2:33  Hatchery  
  29  2:40  Baneling Nest  
  29  2:41  Zergling x2  
  29  2:44  Overlord  
  29  2:49  Drone  
  29  2:51  Drone  
  31  2:56  Drone x2  
  33  3:04  Drone x2  
  35  3:07  Drone x3  
  35  3:12  Overlord  
  38  3:14  Zergling x2  
  38  3:16  Zergling x2  
  38  3:19  Drone  
  41  3:22  Drone  
  42  3:28  Drone  
  42  3:32  Overlord  
  43  3:40  Drone x7  
  50  3:44  Lair  
  50  3:50  Roach Warren  
  50  3:54  Drone  
  50  3:55  Evolution Chamber  
  49  3:56  Zergling x2  
  49  4:00  Queen  
  49  4:02  Drone  
  53  4:03  Drone  
  53  4:05  Drone  
  55  4:10  Drone x2  
  55  4:11  Drone  
  55  4:12  Drone  
  55  4:13  Drone  
  59  4:17  Extractor  
  59  4:18  Extractor  
  59  4:19  Drone, Extractor  
  59  4:20  Drone x2  
  59  4:24  Drone  
  59  4:25  Drone  
  59  4:28  Overlord  
  61  4:32  Drone  
  61  4:33  Drone  
  61  4:35  Extractor  
  61  4:36  Overlord, Extractor  
  61  4:38  Roach  
  63  4:39  Baneling x2  
  63  4:41  Baneling x2  
  63  4:43  Roach  
  65  4:47  Roach  
  63  4:56  Queen  
  63  4:57  Roach x2  
  64  5:00  Drone x5  
  64  5:04  Drone  
  64  5:05  Roach  
  70  5:08  Drone  
  70  5:12  Drone x2  
  73  5:19  Roach  
  75  5:25  Roach x2  
Tags
 
Add a new tag
Caveats
  • Supply blocks, unpowered buildings, or Contaminate may cause inaccurate times.
  • Supply counts are checked every 10 seconds.